 Dungeon Crawl Stone Soup version 0.20-a0-522-g0b37eee (webtiles) character file.

140 kae the Slasher (level 5, -4/42 HPs)
             Began as a Barachian Fighter on Jan 25, 2017.
             Killed by nerve-wracking pain
             ... invoked by an orc priest
              (12 damage)
             ... on level 3 of the Dungeon.
             The game lasted 00:02:17 (2107 turns).

kae the Slasher (Barachian Fighter)                 Turns: 2107, Time: 00:02:17

Health: -4/42      AC:  7    Str: 20    XL:     5   Next: 22%
Magic:  5/5        EV:  7    Int:  6    God:
Gold:   122        SH:  9    Dex: 11    Spells: 4/4 levels left

rFire    . . .     SeeInvis .   a - +0 long sword
rCold    . . .     Gourm    .   b - +0 scale mail
rNeg     . . .     Faith    .   c - +0 shield
rPois    .         Spirit   .   (no helmet)
rElec    .         Reflect  .   (no cloak)
rCorr    .         Harm     .   (no gloves)
MR       .....                  (no boots)
Stlth    ..........             (no amulet)
Regen    0.2/turn               (no ring)
                                (no ring)

@: mighty, slow
A: swims, slowness 1, strong legs 1
a: Hop


You were on level 3 of the Dungeon.
You were not hungry.

You visited 1 branch of the dungeon, and saw 3 of its levels.

You collected 122 gold pieces.

Inventory:

Hand Weapons
 a - a +0 long sword (weapon)
Armour
 b - a +0 scale mail (worn)
 c - a +0 shield (worn)
Wands
 j - a wand of polymorph (16/24)
Scrolls
 h - a scroll of remove curse
Potions
 d - a potion of might
 l - a potion of lignification
Comestibles
 f - a bread ration
 i - a meat ration


   Skills:
 + Level 4.1 Fighting
 * Level 4.5 Long Blades
 + Level 4.1 Armour
 - Level 3.0 Shields


You had 4 spell levels left.
You didn't know any spells.

Dungeon Overview and Level Annotations

Branches:
Dungeon (3/15)

Altars:
Fedhas
Sif Muna


Innate Abilities, Weirdness & Mutations

You can swim through water.
You cover ground slowly.
You can hop short distances.


Message History

You feel agile.
You closely miss the orc. The orc hits you with a short sword.
* * * LOW HITPOINT WARNING * * *
You block the orc's attack. x2
You barely miss the orc. You block the orc's attack.
The orc priest hits the bush but does no damage.
The orc hits you but does no damage. The orc barely misses you.
The orc completely misses you.
You closely miss the orc.
The orc is almost dead.
The orc priest hits the bush but does no damage.
The orc barely misses you.
You riposte.
You slash the orc!
You kill the orc!
The orc hits you but does no damage. You block the orc's attack.
Your shield and scale mail prevent you from hitting the orc priest.
The orc closely misses you. The orc hits you with a club.
* * * LOW HITPOINT WARNING * * *
The orc priest mumbles some strange prayers to Beogh against you.
Pain shoots through your body!
You die...

#.# #.# #.#
#.# #.# #
#.#
...###+###.#
#..PoP..##
#...o@..#
###.o####
#.# ... ###


You could see an orc priest and 2 orcs.

Vanquished Creatures
  An orc priest (D:3)
  4 adders (D:2)
  4 worms (D:2)
  A dart slug (D:2)
  2 leopard geckos (D:2)
  An orc (D:3)
  3 bats (D:1)
  3 giant cockroaches
  7 goblins (D:1)
  9 hobgoblins
  6 jackals (D:1)
  A ball python (D:1)
  5 frilled lizards
  4 kobolds
  9 rats
60 creatures vanquished.

Notes
Turn   | Place    | Note
-------+----------+-------------------------------------------
     0 | D:1      | kae the Barachian Fighter began the quest for the Orb.
     0 | D:1      | Reached XP level 1. HP: 18/18 MP: 1/1
   154 | D:1      | Reached XP level 2. HP: 24/24 MP: 2/2
   701 | D:1      | Reached XP level 3. HP: 28/29 MP: 3/3
   853 | D:2      | Found a faded altar of an unknown god.
   936 | D:2      | HP: 1/30 [poisoned by an adder]
  1058 | D:2      | Found a blossoming altar of Fedhas.
  1401 | D:2      | Reached XP level 4. HP: 37/37 MP: 4/4
  1591 | D:2      | Found a deep blue altar of Sif Muna.
  2103 | D:3      | Reached XP level 5. HP: 16/42 MP: 5/5
  2107 | D:3      | Killed from afar by an orc priest

Vault maps used:
D:1:      dpeg_arrival_morbid_curiosity
D:2:      lemuel_coloured_pillars_altar, led_sif_pool,
          chequers_ecumenical_altar_island
D:3:      lemuel_doored_altar, cheibrodos_gnoll_hut

Skill      XL: |  1  2  3  4 |
---------------+-------------+-----
Long Blades    | 3 4 |  4.5
Armour         | 4 |  4.1
Fighting       | 4 |  4.1
Shields        | |  3.0

Action                   |  1- 3 |  4- 6 || total
-------------------------+-------+-------++-------
Melee: Long sword        |   121 |    84 ||   205
 Abil: Hop               |     1 |       ||     1
  Use: Scroll            |     2 |     2 ||     4
       Potion            |       |     1 ||     1
  Eat: Meat ration       |     1 |       ||     1
Armor: Scale mail        |    78 |    37 ||   115
Dodge: Dodged            |    30 |    18 ||    48
Block: Shield            |    69 |    34 ||   103
       Rpst.: Long sword |    10 |     7 ||    17
